 Dungeon Crawl Stone Soup version 0.17.0-28-g6e173f8 (webtiles) character file.

177 lorenzova the Conjurer (level 5, -1/42 HPs)
             Began as a Deep Elf Conjurer on Nov 30, 2015.
             Slain by a gnoll
             ... wielding a +0 spear
              (4 damage)
             ... on level 4 of the Dungeon.
             The game lasted 00:06:21 (3328 turns).

lorenzova the Conjurer (Deep Elf Conjurer)          Turns: 3328, Time: 00:06:21

Health: -1/42      AC: 22    Str:  5    XL:     5   Next: 31%
Magic:  3/13       EV:  2    Int: 21    God:
Gold:   87         SH:  0    Dex: 15    Spells: 3 memorised, 5 levels left

rFire  . . .     SeeInvis .     m - +0 short sword
rCold  . . .     Clarity  .     (armour currently unavailable)
rNeg   + + +     SustAt   .     (no shield)
rPois  +         Gourm    .     (helmet currently unavailable)
rElec  .         Spirit   .     (cloak currently unavailable)
rCorr  .         Warding  .     (gloves currently unavailable)
rMut   .         NoTele   +     (boots currently unavailable)
MR     .....                    (no amulet)
Stlth  +++.......               (no ring)
                                (no ring)

@: tree-form, not resistant to hostile enchantments, fairly stealthy
A: no striking features
a: no special abilities


You were on level 4 of the Dungeon.
You were hungry.
You were a tree.
You visited 1 branch of the dungeon, and saw 4 of its levels.

You collected 87 gold pieces.

Inventory:

Hand Weapons
 m - a +0 short sword (weapon)
Armour
 a - a +0 robe (melded)
Scrolls
 f - 4 scrolls of recharging {unknown}
 i - a scroll of identify {unknown}
 j - a scroll of teleportation {unknown}
 k - 3 scrolls of noise {unknown}
Potions
 d - a potion of agility {unknown}
 e - a potion of lignification
 h - a potion of cancellation {unknown}
 l - a potion of poison {unknown}
Books
 b - a book of Conjurations

   Spells                             Type                      Level
   a - Magic Dart                     Conjuration                  1
   b - Searing Ray                    Conjuration                  2
   c - Dazzling Spray                 Conjuration/Hexes            3
   d - Fulminant Prism                Conjuration/Hexes            4
   e - Iskenderun's Mystic Blast      Conjuration                  4
   f - Iskenderun's Battlesphere      Conjuration/Charms           5
Comestibles
 c - 3 bread rations
 g - a beef jerky


   Skills:
 - Level 2.4 Dodging
 - Level 2.4 Stealth
 + Level 4.6 Spellcasting
 * Level 6.6 Conjurations


You had 5 spell levels left.
You knew the following spells:

 Your Spells              Type           Power        Failure   Level  Hunger
a - Magic Dart            Conj           ####         1%          1    None
b - Dazzling Spray        Conj/Hex       ###.....     12%         3    ##.....
c - Iskenderun's Mystic   Conj           ####....     10%         4    ####...


Dungeon Overview and Level Annotations

Branches:
Dungeon (4/15)
 Temple: D:4-7

Altars:


Message History

You cannot move.
There are monsters nearby!
The gnoll hits you but does no damage. The gnoll hits you but does no damage.
The gnoll shouts!
The gnoll hits you but does no damage.
The gnoll shouts!
The gnoll hits you but does no damage.
The gnoll hits you but does no damage. x3
The gnoll hits you but does no damage. x2
The gnoll hits you from afar with a halberd.
* * * LOW HITPOINT WARNING * * *
The gnoll hits you but does no damage. x2
Your magical contamination has completely faded away.
The gnoll hits you but does no damage. x3
The gnoll barely misses you. The gnoll hits you but does no damage.
The gnoll hits you but does no damage. The iguana bites you.
* * * LOW HITPOINT WARNING * * *
The gnoll hits you from afar with a spear.
You die...

.......
.......
.......
.......
.......
.......##
......l.#
.....g.♣#
.....gg.#
........#
........#
.....$.##
......#
######


You could see an iguana and 3 gnolls.

Vanquished Creatures
  An orc priest (D:3)
  An orc wizard (D:3)
  Robin (D:3)
  2 adders
  An adder skeleton (D:3)
  A worm (D:3)
  A giant gecko (D:1)
  8 orcs
  2 ball pythons (D:2)
  4 giant cockroaches
  6 hobgoblins
  A quokka (D:2)
  11 bats
  4 giant newts
  13 goblins
  8 jackals
  3 kobolds
  8 rats
76 creatures vanquished.

Notes
Turn   | Place    | Note
--------------------------------------------------------------
     0 | D:1      | lorenzova the Deep Elf Conjurer began the quest for the Orb.
     0 | D:1      | Reached XP level 1. HP: 10/10 MP: 6/6
   327 | D:1      | Reached XP level 2. HP: 15/15 MP: 6/8
   372 | D:1      | Reached skill level 5 in Conjurations
  1271 | D:2      | Reached XP level 3. HP: 19/19 MP: 6/9
  1276 | D:2      | Learned a level 3 spell: Dazzling Spray
  2486 | D:3      | Reached skill level 6 in Conjurations
  2486 | D:3      | Reached XP level 4. HP: 7/24 MP: 0/11
  2973 | D:3      | Reached XP level 5. HP: 26/28 MP: 4/13
  3076 | D:3      | Noticed Robin
  3205 | D:3      | Learned a level 4 spell: Iskenderun's Mystic Blast
  3254 | D:3      | Killed Robin
  3328 | D:4      | Slain by a gnoll

Action                   |  1- 3 |  4- 6 || total
-------------------------+-------+-------++-------
Melee: Unarmed           |    10 |       ||    10
       Short sword       |       |     5 ||     5
 Cast: Magic Dart        |    96 |    58 ||   154
       Dazzling Spray    |     2 |     3 ||     5
  Use: Potion            |       |     1 ||     1
  Eat: Chunk             |     5 |     2 ||     7
